[Event "*** Titled Tuesday Blitz"]
[Site "Chess.com"]
[Date "2020.04.21"]
[Round "4"]
[White "velemajstor767276"]
[Black "DanielTitichoca"]
[Result "0-1"]
[WhiteElo "2514"]
[BlackElo "2330"]
[TimeControl "180+1"]
[EndTime "10:40:36 PDT"]
[Termination "DanielTitichoca won on time"]

1. Nf3 c5 2. g3 Nc6 3. Bg2 g6 4. O-O Bg7 5. c3 e5 6. d3 Nge7 7. a3 O-O 8. e4 d6 9. b4 b6 10.
Nbd2 h6 11. Nc4 Be6 12. Nfd2 b5 13. Ne3 a5 14. bxa5 Rxa5 15. Bb2 Qb6 16. Nd5 Bxd5 17. exd5 Nb8 18. c4 Nd7 19. Bc3 Ra4 20. Rb1 Rxa3 21.
Rxb5 Qa7 22. Bb2 Ra2 23. Qb3 Rb8 24. Rxb8+ Nxb8 25. Ne4 Ra6 26. Bh3 f5 27. Nc3 Nd7 28. Nb5 Qb6 29. Re1 Qa5 30. Bc3 Qb6 31. f4 h5 32. Bf1 Nc8 33. fxe5 Nxe5 34. Be2 Qb7 35. Qb2 Rb6 36. Qd2 Ne7 37. Bd1 Nxd5 38. Nxd6 Rxd6 39. cxd5 Qxd5 40. Qe2 Nc6 41. Qe8+ Kh7 42. Bxg7 Kxg7 43. Be2 Re6 44. Qc8 Nd4 45. Qc7+ Kh6 46. Kf1 Nxe2 0-1

[Event "*** Titled Tuesday Blitz"]
[Site "Chess.com"]
[Date "2020.04.21"]
[Round "4"]
[White "Kingsman132"]
[Black "TV27"]
[Result "1-0"]
[WhiteElo "2487"]
[BlackElo "2133"]
[TimeControl "180+1"]
[EndTime "10:40:37 PDT"]
[Termination "Kingsman132 won by resignation"]

1. e4 c5 2. Nf3 Nc6 3. Bb5 e5 4.
Bxc6 dxc6 5. O-O Bd6 6. a4 f6 7.
Na3 Be6 8. d3 Qd7 9. Nc4 Bxc4 10.
dxc4 O-O-O 11. Be3 g5 12. b4 cxb4 13. Bxa7 Bb8 14.
Qxd7+ Rxd7 15. Bb6 Bc7 16. a5 Ne7 17. c5 Rhd8 18.
a6 Bxb6 19. a7 Bxa7 20. Rxa7 Rd1 21. Ra8+ Kc7 22. Rxd8 Rxf1+ 23. Kxf1 Kxd8 24. Nd2 Kc7 25. Nc4 Nc8 26. Ke2 b6 27. cxb6+ Nxb6 28. Kd3 c5 29. Na5 h5 30. c3 bxc3 31. Kxc3 h4 32.
h3 Nc8 33. Kc4 Nd6+ 34. Kd5 Nb7 35. Nxb7 Kxb7 36. Kxc5 Kc7 37. g4 Kd7 38. Kd5 Ke7 39. Kc6 Ke6 40. Kc7 Ke7 41. f3 Ke6 42. Kd8 Kd6 43. Ke8 Kc5 44. Kf7 Kd4 45. Kxf6 Ke3 46. Kxe5 Kxf3 47. Kf5 Kg3 48. e5 Kxh3 49. e6 Kg3 50. e7 h3 51. e8=Q h2 52. Qb8+ Kh3 53. Qxh2+ Kxh2 54. Kxg5 Kg3 55. Kh5 Kf4 56. g5 Kf5 57. g6 Kf6 58. Kh6 1-0

[Event "*** Titled Tuesday Blitz"]
[Site "Chess.com"]
[Date "2020.04.21"]
[Round "4"]
[White "MisiekZielony"]
[Black "floplover"]
[Result "1-0"]
[WhiteElo "2049"]
[BlackElo "2239"]
[TimeControl "180+1"]
[EndTime "10:40:37 PDT"]
[Termination "MisiekZielony won by resignation"]

1. c4 Nf6 2. Nc3 e5 3. Nf3 Nc6 4. e3 Bb4 5. Qc2 O-O 6. Nd5 Re8 7. Bd3 h6 8. a3 Bd6 9. Nxf6+ Qxf6 10. Be4 a5 11. b3 Bf8 12. Bb2 d6 13. O-O Bd7 14.
d4 exd4 15. Nxd4 Qe7 16. Bf3 Rab8 17. Nxc6 Bxc6 18. Bxc6 bxc6 19. a4 Qe4 20. Qc3 Re6 21. Rad1 Rg6 22. f3 Qe6 23. e4 Qc8 24. Rd3 Be7 25.
Qxa5 c5 26. Qd2 Bf6 27. Bxf6 Rxf6 28. Re1 Re6 29. Ree3 Rb4 30. Qc3 Qb7 31. h3 Kh7 32. e5 dxe5 33. Rxe5 Rf6 34. Rxc5 Rbb6 35. Re5 Rfc6 36.
c5 Rb4 37. Red5 Re6 38. R5d4 Rxd4 39. Qxd4 Re1+ 40. Kh2 Rb1 41. Qe3 Qe4 42. Qxe4+ 1-0

[Event "*** Titled Tuesday Blitz"]
[Site "Chess.com"]
[Date "2020.04.21"]
[Round "4"]
[White "GMHess"]
[Black "praveenb2002"]
[Result "1-0"]
[WhiteElo "2877"]
[BlackElo "2716"]
[TimeControl "180+1"]
[EndTime "10:40:38 PDT"]
[Termination "GMHess won by resignation"]

1. d4 d5 2. Nf3 Nf6 3. Nc3 e6 4. Bg5 c5 5. e4 dxe4 6. Nxe4 Be7 7. Bxf6 Bxf6 8. Nxc5 Nc6 9. c3 O-O 10. Bd3 e5 11. d5 Nb8 12. Ne4 Bg4 13. h3 Bh5 14. Ng3 Bg6 15. Bxg6 hxg6 16. Ne4 Nd7 17. Qb3 Qc7 18. O-O-O Nc5 19. Qc4 Rac8 20. Qxc5 Qxc5 21. Nxc5 Rxc5 22. Rhe1 Rd8 23. Nxe5 Rcxd5 24. Rxd5 Rxd5 25.
Nf3 Kf8 26. Rd1 Rb5 27. Kc2 Ke7 28. a4 Rf5 29. b4 a6 30. Rd3 Ke8 31. Re3+ Kd7 32.
Re2 Kd8 33. Nd2 Rd5 34. Nc4 Kc7 35. a5 Rf5 36. Nb6 Kc6 37. Kb3 Kc7 38. c4 Kc6 39.
Nd5 Kd7 40. f4 g5 41. g4 Rxf4 42. Nxf4 gxf4 43. Rf2 g5 44. Kc2 Kc6 45. Kd3 Be7 46. Rb2 Bf6 47. Rb1 Kd6 48. Ke4 Ke6 49. b5 axb5 50. Rxb5 Bc3 51. Rb6+ Kd7 52. Rxb7+ Ke6 53. a6 1-0

[Event "*** Titled Tuesday Blitz"]
[Site "Chess.com"]
[Date "2020.04.21"]
[Round "4"]
[White "quesfr"]
[Black "RubensCezila"]
[Result "0-1"]
[WhiteElo "2197"]
[BlackElo "2432"]
[TimeControl "180+1"]
[EndTime "10:40:38 PDT"]
[Termination "RubensCezila won on time"]

1. e4 c6 2. d4 d5 3. e5 Bf5 4. h4 h6 5. g4 Bd7 6. Bd3 e6 7. c3 c5 8. Be3 Nc6 9. Ne2 Qb6 10. b3 cxd4 11. cxd4 Nb4 12. Nbc3 Nxd3+ 13. Qxd3 Rc8 14.
f4 h5 15. gxh5 Nh6 16. Kf2 Bb4 17. Rac1 Nf5 18. Ng3 Nxg3 19. Kxg3 Rxh5 20. Rc2 Qd8 21. Ne2 Rxc2 22. Qxc2 Be7 23. Bf2 Rxh4 24. Rxh4 Bxh4+ 25. Kf3 Bxf2 26. Kxf2 Qh4+ 27. Ke3 Bc6 28. Qc5 a6 29. Qd6 Qd8 30. Qc5 Qe7 31. Qb6 f6 32. a4 g5 33.
exf6 Qxf6 34. fxg5 Qxg5+ 35. Kd3 Qf5+ 36. Kd2 e5 37. dxe5 Qxe5 38. Qg1 Qb2+ 39. Ke1 Qb1+ 40. Kf2 Qxg1+ 41. Kxg1 Kd7 42. Kf2 Kd6 43. Ke3 Kc5 44.
Kd3 Kb4 45. Kc2 Bd7 0-1

[Event "*** Titled Tuesday Blitz"]
[Site "Chess.com"]
[Date "2020.04.21"]
[Round "4"]
[White "Camels1981"]
[Black "dey2580"]
[Result "1-0"]
[WhiteElo "2083"]
[BlackElo "2455"]
[TimeControl "180+1"]
[EndTime "10:40:39 PDT"]
[Termination "Camels1981 won on time"]

1. e4 c5 2. Nf3 e6 3. Nc3 Nc6 4. d4 cxd4 5. Nxd4 Qc7 6. Be3 a6 7. Qd2 Nf6 8. O-O-O b5 9. Nb3 Ne5 10. Bf4 Nh5 11. Bxe5 Qxe5 12. g3 b4 13. Na4 Rb8 14. Bxa6 Nf6 15. Bd3 Qc7 16. Nd4 Qa7 17. Bb5 Rxb5 18.
Nxb5 Qxa4 19. Nd6+ Bxd6 20. Qxd6 Nxe4 21. Qd4 Nf6 22. Qc5 Bb7 23. Rhe1 Qxa2 24. Qxb4 Qa1+ 25. Kd2 Qa7 26. Kc1 Nd5 27. Qd6 Qa1+ 28. Kd2 Qa5+ 29. c3 Qd8 30. Kc1 f6 31. Rxd5 Bxd5 32. Qxd5 Kf7 33. Qh5+ g6 34. Qh6 Qa5 35. Kb1 Qf5+ 36. Kc1 Qxf2 37. Rd1 d5 38. Qh4 h5 39. Rd2 Qg1+ 40.
Kc2 1-0

[Event "*** Titled Tuesday Blitz"]
[Site "Chess.com"]
[Date "2020.04.21"]
[Round "4"]
[White "Salem-AR"]
[Black "Matibar"]
[Result "1-0"]
[WhiteElo "3002"]
[BlackElo "2777"]
[TimeControl "180+1"]
[EndTime "10:40:40 PDT"]
[Termination "Salem-AR won by resignation"]

1. d4 g6 2. e4 Bg7 3. Nf3 d6 4. Bd3 Nc6 5. c3 e5 6. O-O Bg4 7. d5 Nce7 8. h3 Bd7 9. c4 h5 10.
c5 dxc5 11. b4 cxb4 12. Bb2 f6 13. a3 a5 14. Nbd2 Nh6 15. axb4 axb4 16. Qb3 Rxa1 17. Rxa1 Nf7 18. Qxb4 b6 19. Ba3 Nd6 20. Nc4 Nec8 21. Nh4 Kf7 22. f4 Qe8 23. fxe5 fxe5 24. Nf3 Kg8 25.
Bb2 Nf7 26. Qe1 b5 27. Na5 Ncd6 28. Rc1 Qd8 29. Qg3 h4 30. Qe1 Rh5 31. Nb7 Nxb7 32. Rc2 c5 33. dxc6 Bxc6 34. Rxc6 Qxd3 35. Rxg6 Nbd6 36.
Rg4 Nc4 37. Bc1 Nfd6 38. Nxh4 Kh7 39. Ng6 b4 40. Ne7 b3 41. Rh4 Bf6 42. Rxh5+ Kg7 43. Nf5+ Nxf5 44. Rxf5 b2 45. Bxb2 Nxb2 46. Qf2 Qd6 47.
Qxb2 Qd1+ 48. Kh2 Qd3 49. Qb7+ Kg6 50. Rf3 1-0

[Event "*** Titled Tuesday Blitz"]
[Site "Chess.com"]
[Date "2020.04.21"]
[Round "4"]
[White "emperor87"]
[Black "BillieKimbah"]
[Result "0-1"]
[WhiteElo "2630"]
[BlackElo "2812"]
[TimeControl "180+1"]
[EndTime "10:40:40 PDT"]
[Termination "BillieKimbah won by resignation"]

1. Nf3 Nf6 2. g3 g6 3. Bg2 Bg7 4. O-O O-O 5. d4 d6 6. c4 Nbd7 7. Nc3 e5 8. e4 c6 9. Qc2 Re8 10. Rd1 exd4 11. Nxd4 a5 12. h3 Nc5 13. Nb3 Nxb3 14.
axb3 Nh5 15. g4 Nf6 16. Bf4 h5 17. Rxd6 Qe7 18. g5 Nd7 19. Rad1 Nc5 20. h4 Bg4 21. f3 Be6 22. Na4 Nd7 23. Bg3 Rad8 24. Qd2 b5 25. Nb6 c5 26. Nxd7 bxc4 27. Nxc5 Rxd6 28. Bxd6 Qa7 29.
e5 Rd8 30. Qf2 Bxe5 31. Bxe5 Rxd1+ 32. Kh2 cxb3 33. Bd4 Qc7+ 34. f4 Qd6 35. Be5 Qd2 36.
Qf3 Bd5 37. Qxd5 Qxd5 38. Bxd5 Rxd5 39. Nxb3 a4 40. Nd4 Rc5 41. Kg3 Rc1 42. Nb5 Rc5 43. Nc3 Ra5 44. Bd6 Ra6 45. Ba3 Ra8 46. f5 Ra5 47. f6 Ra6 48. Kf4 Rc6 49. Nd5 Rc4+ 50. Ke5 Rxh4 51. Nc3 Rg4 52. Ne4 h4 53. Kd4 h3 54.
Ke3 h2 55. Nf2 Rg2 56. Nh1 Rg1 57. Nf2 Re1+ 58. Kf3 Rf1 59. Kg2 Rxf2+ 60. Kxf2 h1=Q 0-1

[Event "*** Titled Tuesday Blitz"]
[Site "Chess.com"]
[Date "2020.04.21"]
[Round "4"]
[White "Sethu0025"]
[Black "ArnaudovP"]
[Result "1-0"]
[WhiteElo "2820"]
[BlackElo "2634"]
[TimeControl "180+1"]
[EndTime "10:40:40 PDT"]
[Termination "Sethu0025 won on time"]

1. e4 c6 2. d4 d5 3. e5 Bf5 4. Nf3 e6 5. Be2 Ne7 6. O-O Ng6 7. Be3 Nd7 8. Nbd2 f6 9. exf6 Qxf6 10. h3 Bd6 11. g4 O-O 12. gxf5 Qxf5 13. Kg2 Nf4+ 14.
Bxf4 Qxf4 15. Bd3 e5 16. dxe5 Nxe5 17. Nxe5 Bxe5 18. Nf3 Bd6 19. Be2 Rae8 20. Qd3 Re6 21. Rg1 Qh6 22. Rh1 Rg6+ 23. Kf1 Rgf6 24. Re1 Qf4 25. Bd1 Bb4 26. c3 Bc5 27. b4 Bb6 28. a3 Qh6 29. a4 Qh5 30. Kg2 Rg6+ 31. Kf1 Rgf6 32. Re5 Qxe5 33. Nxe5 1-0

[Event "*** Titled Tuesday Blitz"]
[Site "Chess.com"]
[Date "2020.04.21"]
[Round "4"]
[White "MarcoRiehle"]
[Black "picturesquecheck"]
[Result "1-0"]
[WhiteElo "2601"]
[BlackElo "2203"]
[TimeControl "180+1"]
[EndTime "10:40:40 PDT"]
[Termination "MarcoRiehle won by resignation"]

1. e4 c5 2. a3 Nc6 3. b4 d5 4.
exd5 Qxd5 5. Nc3 Qd8 6. Nf3 Bg4 7. bxc5 e5 8. h3 Bxf3 9. Qxf3 Bxc5 10. Ne4 Be7 11. Bb5 Rc8 12. O-O Nf6 13. d4 O-O 14. Bxc6 Rxc6 15. dxe5 Nxe4 16. Qxe4 Qc7 17. Bf4 Rc4 18. Qf3 Rxc2 19. Rac1 Rxc1 20. Rxc1 Qd7 21. Rd1 Qb5 22. Kh2 Rd8 23. Rxd8+ Bxd8 24. Qe4 h6 25. e6 fxe6 26. Qxe6+ Kh8 27. Qc8 Qe8 28. Qxb7 Bb6 29. f3 Qf8 30. Qb8 Qxb8 31. Bxb8 Kg8 32. Kg3 Kf7 33. Kf4 Ke6 34. Ke4 g6 35. g4 h5 36. gxh5 gxh5 37. f4 a6 38. a4 Bc5 39.
Be5 Bb6 40. f5+ Kf7 41. Kd5 Bf2 42. Kc6 Be1 43. Kb7 a5 44. Kc6 Bd2 45. Kd5 Be1 46. Kc4 Bd2 47. Bc3 Bf4 48. Kb5 Bc7 49. Bxa5 Be5 50.
Bd8 1-0

[Event "*** Titled Tuesday Blitz"]
[Site "Chess.com"]
[Date "2020.04.21"]
[Round "4"]
[White "Savagelittlemole"]
[Black "Trankuilizer"]
[Result "1/2-1/2"]
[WhiteElo "2671"]
[BlackElo "2506"]
[TimeControl "180+1"]
[EndTime "10:40:41 PDT"]
[Termination "Game drawn by agreement"]

1. e4 e5 2. Ne2 Nf6 3. Nbc3 d5 4.
exd5 Nxd5 5. Nxd5 Qxd5 6. Nc3 Qe6 7. Be2 Be7 8. O-O O-O 9. Re1 Nc6 10. d3 Nd4 11.
Be3 Qd7 12. Bf1 Nf5 13. Bd2 f6 14. g3 c6 15. Bg2 Qc7 16. Ne4 Qb6 17. b3 Be6 18.
Kh1 Rae8 19. f4 exf4 20. Bxf4 Qd8 21. Qe2 Nd4 22. Qf2 Bg4 23. h3 Bh5 24. g4 Bg6 25.
Rad1 Bb4 26. c3 Bxe4 27. dxe4 Bxc3 28. Re3 Ba5 29. Red3 c5 30. Be3 Qe7 31. Bxd4 cxd4 32. Qxd4 Bb6 33. Qd7 Kh8 34. Qxe7 Rxe7 35. Rd7 Rfe8 36.
Bf1 g6 37. Bc4 Kg7 38. Kg2 Kf8 39. Kf3 Rxd7 40. Rxd7 Re7 41. Rxe7 Kxe7 42. h4 Kd6 43. Bg8 h6 44. g5 fxg5 45. hxg5 hxg5 46. Kg4 Be3 47. Bf7 Ke5 48. Bxg6 b5 49. Bh7 b4 50.
Kf3 a5 51. Kg4 Bf4 52. Kf3 Bc1 1/2-1/2

[Event "*** Titled Tuesday Blitz"]
[Site "Chess.com"]
[Date "2020.04.21"]
[Round "4"]
[White "abhidabhi"]
[Black "JiaHaoxiang"]
[Result "0-1"]
[WhiteElo "2804"]
[BlackElo "2576"]
[TimeControl "180+1"]
[EndTime "10:40:42 PDT"]
[Termination "JiaHaoxiang won by resignation"]

1. e4 c5 2. Nc3 a6 3. g3 b5 4. Bg2 Bb7 5. Nge2 e6 6. O-O d6 7. d3 Nf6 8. f4 Qc7 9. h3 Be7 10. Be3 Nc6 11. Kh1 O-O 12. Qd2 b4 13. Nd1 d5 14. e5 Nd7 15. d4 a5 16. dxc5 Nxc5 17. Nd4 Nxd4 18. Bxd4 Ne4 19. Bxe4 dxe4 20. Ne3 Rfd8 21. c3 Ba6 22. Rf2 bxc3 23. bxc3 Rab8 24.
Kh2 Bc5 25. f5 exf5 26. Nxf5 Bc8 27. Raf1 Bxf5 28. Rxf5 Rd7 29. Qf2 Bxd4 30. cxd4 g6 31. Rf6 Qc3 32. e6 Re7 33. exf7+ Kf8 34. Qf4 Rb2+ 35.
Kh1 Qd2 36. Qxd2 Rxd2 37. Rd6 Rxf7 38. Rxf7+ Kxf7 39. Kg1 e3 40. Kf1 Rxa2 41. Ra6 a4 42. d5 a3 43. Ke1 Ke7 44. Re6+ Kd7 45. Ra6 Ra1+ 46. Ke2 a2 47. Ra7+ Kd6 0-1

[Event "*** Titled Tuesday Blitz"]
[Site "Chess.com"]
[Date "2020.04.21"]
[Round "4"]
[White "Dr-Bassem"]
[Black "MPGM"]
[Result "1-0"]
[WhiteElo "2796"]
[BlackElo "2550"]
[TimeControl "180+1"]
[EndTime "10:40:42 PDT"]
[Termination "Dr-Bassem won on time"]

1. e4 e5 2. Nf3 Nc6 3. Bc4 Bc5 4. O-O Nf6 5. d3 d6 6. c3 a6 7. Re1 Ba7 8. Bb3 O-O 9. h3 h6 10. Nbd2 Re8 11. Nf1 Be6 12. Ng3 d5 13. exd5 Bxd5 14. Bc2 Qd7 15. Nh4 Be6 16. Qf3 Bd5 17. Ne4 Nxe4 18. dxe4 Be6 19. Nf5 Ne7 20. h4 Nxf5 21.
exf5 Bd5 22. Qg3 Qc6 23. Be3 Bxe3 24. Rxe3 Qf6 25. Rae1 e4 26. f3 Re5 27. b3 Rae8 28.
fxe4 Bc6 29. Qf4 Qd6 30. g3 Qf6 31. Kh2 Kh8 32. Kh3 Kh7 33. g4 Qd6 34. R1e2 Rxe4 35. Rxe4 Qxf4 36. Rxf4 Rxe2 37. Bb1 Re3+ 38. Kh2 Rxc3 39.
f6+ g6 40. h5 Rc1 41. hxg6+ Kg8 42. gxf7+ Kxf7 43. Bg6+ Kf8 44. Rd4 1-0

[Event "*** Titled Tuesday Blitz"]
[Site "Chess.com"]
[Date "2020.04.21"]
[Round "4"]
[White "rasmussvane"]
[Black "Alexchess1984"]
[Result "1-0"]
[WhiteElo "2870"]
[BlackElo "2568"]
[TimeControl "180+1"]
[EndTime "10:40:43 PDT"]
[Termination "rasmussvane won by resignation"]

1. Nf3 g6 2. e4 c5 3. d4 cxd4 4. Nxd4 Nc6 5. c4 Nf6 6. Nc3 d6 7. Be3 Ng4 8. Nxc6 bxc6 9. Bc1 Qb6 10. Qc2 Bg7 11. h3 Ne5 12. Be3 Qa5 13. Rc1 Rb8 14. Be2 O-O 15. O-O f5 16. f4 Nf7 17. Bd3 Be6 18. b3 Nh6 19. Ne2 fxe4 20. Bxe4 Nf5 21. Bf2 d5 22. Bd3 d4 23. Be4 c5 24.
Ng3 Nxg3 25. Bxg3 Bf5 26. Rce1 Rbe8 27. Bxf5 Rxf5 28. Qe2 h5 29. Bh4 Kh7 30. g4 hxg4 31.
hxg4 Rf7 32. Rf3 Qb6 33. Qe4 Ref8 34. Kg2 Kg8 35. Bg5 e5 36. f5 gxf5 37. gxf5 Qb7 38. Qxb7 Rxb7 39. f6 d3 40. fxg7 Rxg7 41. Rg3 Re8 42.
Bd2 Rxg3+ 43. Kxg3 e4 44. Kf4 Kf7 45. Rxe4 Rd8 46.
Ke3 a6 47. Re5 Kf6 48. Rd5 Re8+ 49. Kxd3 Rg8 50. Rxc5 Ke6 51. Ra5 Rg3+ 52. Be3 Kd7 53.
Rxa6 Kc7 54. Ra5 Kb7 55. Rd5 1-0

[Event "*** Titled Tuesday Blitz"]
[Site "Chess.com"]
[Date "2020.04.21"]
[Round "4"]
[White "mrsavic77"]
[Black "JulAnt"]
[Result "1-0"]
[WhiteElo "2749"]
[BlackElo "2506"]
[TimeControl "180+1"]
[EndTime "10:40:44 PDT"]
[Termination "mrsavic77 won by resignation"]

1. e4 c5 2. c3 d5 3. exd5 Qxd5 4.
Nf3 Nc6 5. Na3 Bf5 6. Bc4 Qd7 7. O-O e6 8. d4 cxd4 9. Nb5 a6 10. Nbxd4 Nxd4 11. Qxd4 Qxd4 12. Nxd4 Bg6 13. Be3 Nf6 14. Be2 O-O-O 15. Bg5 Be7 16. Rfd1 Rd7 17. Nf3 Rhd8 18. Rxd7 Rxd7 19. Ne5 Rd5 20. Nxg6 hxg6 21. Be3 Rd7 22.
Bd4 Ne8 23. Kf1 Bf6 24. Be3 Be5 25. f4 Bc7 26. g3 Nd6 27. Bf2 Ne4 28. Bd4 f6 29. Re1 Nd6 30. Bg4 f5 31. Bf3 Re7 32. Bc5 b6 33. Bd4 Kd7 34. Rd1 Kc8 35. Bxb6 Bxb6 36.
Rxd6 Bc7 37. Rxa6 Rd7 38. Rxe6 Rd2 39. Re2 Rd1+ 40. Kg2 Bb6 41. Re8+ Kd7 42. Bxd1 Kxe8 43. b4 Be3 44. c4 Bd2 45. a3 Kd7 46. Kf3 Bc1 47.
a4 Ba3 48. b5 Bb4 49. Ke3 Kd6 50. Kd4 Bc5+ 51. Kc3 Bb6 52. Kb4 Bc5+ 53. Ka5 Bg1 54. b6 Bxh2 55. c5+ Kd7 56. Ka6 Kc8 57. Ka7 Bxg3 58. b7+ 1-0

[Event "*** Titled Tuesday Blitz"]
[Site "Chess.com"]
[Date "2020.04.21"]
[Round "4"]
[White "Skatchkov_V"]
[Black "AvitalBor"]
[Result "0-1"]
[WhiteElo "2554"]
[BlackElo "2797"]
[TimeControl "180+1"]
[EndTime "10:40:44 PDT"]
[Termination "AvitalBor won on time"]

1. d4 e6 2. c4 b6 3. Nf3 Bb7 4. g3 f5 5. Bg2 Nf6 6. O-O Be7 7. d5 exd5 8. Nd4 O-O 9. Nc3 Nc6 10. cxd5 Nxd4 11.
Qxd4 Bc5 12. Qc4 Kh8 13. Bf4 Re8 14. b4 Bd6 15. Nb5 Bxf4 16. Qxf4 Bxd5 17. Nxc7 Bxg2 18. Kxg2 Re4 19. Qd6 Rc8 20. Rac1 Rxe2 21. Nd5 Rxc1 22. Rxc1 Qa8 23. Rd1 h6 24. Kf1 Rxf2+ 25. Kg1 Nxd5 26. Kxf2 Nc3 27. Re1 Ne4+ 28. Rxe4 Qxe4 29. Qxd7 Kh7 30.
Qxa7 Qxb4 31. Qd7 Qc5+ 32. Kg2 Qc2+ 33. Kg1 Qb1+ 34. Kg2 Qxa2+ 35. Kh3 Qf2 36. Qe6 Qf1+ 37. Kh4 Qf3 38. Kh3 b5 39. Qe5 b4 40. Qb2 b3 41.
Qb1 Qg4+ 42. Kg2 Qe4+ 43. Qxe4 fxe4 0-1

[Event "*** Titled Tuesday Blitz"]
[Site "Chess.com"]
[Date "2020.04.21"]
[Round "4"]
[White "JakubPulpan"]
[Black "AshotParvanyan"]
[Result "1-0"]
[WhiteElo "2702"]
[BlackElo "2510"]
[TimeControl "180+1"]
[EndTime "10:40:45 PDT"]
[Termination "JakubPulpan won by resignation"]

1. Nf3 Nf6 2. b3 g6 3. Bb2 Bg7 4. g3 O-O 5. Bg2 d6 6. d4 b5 7.
O-O Bb7 8. Nbd2 Nbd7 9. Re1 c5 10. c4 bxc4 11. Nxc4 Rc8 12. Rc1 a5 13. dxc5 Nxc5 14. Bc3 Ra8 15. a3 a4 16. Ba5 Qb8 17. bxa4 d5 18.
Bb4 Nxa4 19. Na5 Re8 20. Nxb7 Qxb7 21. Nd4 Nb2 22. Qb3 Na4 23. Nc6 e6 24. h4 Ne4 25.
Bxe4 dxe4 26. h5 Bf6 27. Qe3 Qb5 28. hxg6 hxg6 29. Qxe4 Nb6 30. Rc5 Qa4 31. Qf3 Bg7 32. Rec1 Nd5 33. e4 Nxb4 34. axb4 Qa2 35. e5 Ra3 36. R5c3 Qb2 37. Kg2 Rxc3 38. Qxc3 Qe2 39. Qf3 Qb5 40. Rc5 Qa4 41. b5 Qa2 42. b6 Qb2 43.
Ne7+ Rxe7 44. Rc7 Bf8 45. Rxe7 Bxe7 46. Qa8+ Bf8 47. b7 Qxe5 48. b8=Q 1-0

[Event "*** Titled Tuesday Blitz"]
[Site "Chess.com"]
[Date "2020.04.21"]
[Round "4"]
[White "nabukatnezarr"]
[Black "cassoulet"]
[Result "1-0"]
[WhiteElo "2493"]
[BlackElo "2637"]
[TimeControl "180+1"]
[EndTime "10:40:46 PDT"]
[Termination "nabukatnezarr won by checkmate"]

1. d4 d5 2. c4 e6 3. Nc3 Nf6 4. cxd5 exd5 5. Bg5 Be7 6. e3 Nbd7 7. Bd3 O-O 8. Nge2 h6 9. Bh4 a6 10. O-O b6 11.
Rc1 Bb7 12. f3 Re8 13. Qd2 c5 14. Kh1 Nf8 15. Bf2 Ne6 16. Ng3 Rc8 17. Bb1 Bd6 18. Nf5 cxd4 19. Nxd4 Nxd4 20. exd4 b5 21. Bh4 b4 22. Ne2 Rxc1 23. Rxc1 Ne4 24. fxe4 Qxh4 25.
e5 Be7 26. Qd3 g6 27. e6 f5 28. Rc7 Bd6 29. g3 Qh3 30. Rc1 Rxe6 31. Nf4 Bxf4 32. gxf4 Qh4 33. Qg3 Qf6 34. Rc7 Qxd4 35. Bxf5 Qd1+ 36. Kg2 Re2+ 37. Kh3 Qf1+ 38. Kh4 Rg2 39.
Be6+ Kf8 40. Qe3 g5+ 41. Kh5 Rxh2+ 42. Kg6 Qb1+ 43. Bf5 Qe1 44. Qxe1 Re2 45. Qxe2 Bc6 46. Qe7+ Kg8 47. Qg7# 1-0

[Event "*** Titled Tuesday Blitz"]
[Site "Chess.com"]
[Date "2020.04.21"]
[Round "4"]
[White "evgenyermolaev"]
[Black "DenishevM"]
[Result "1-0"]
[WhiteElo "2487"]
[BlackElo "2632"]
[TimeControl "180+1"]
[EndTime "10:40:46 PDT"]
[Termination "evgenyermolaev won on time"]

1. e4 g6 2. d4 Bg7 3. c4 d6 4. Nc3 Nc6 5. Nge2 e5 6. Be3 exd4 7. Nxd4 Nge7 8. Be2 O-O 9. O-O f5 10. Nxc6 Nxc6 11. exf5 Bxf5 12. c5 dxc5 13. Qb3+ Kh8 14. Bxc5 Nd4 15. Bxd4 Bxd4 16. Rad1 c5 17. Nb5 Qf6 18.
Nxd4 cxd4 19. Qxb7 Rab8 20. Qxa7 Rxb2 21. Bc4 d3 22.
Bxd3 Be6 23. a4 Rf7 24. Qe3 Bb3 25. Ra1 Bd5 26. a5 Qg7 27. Ra3 Re7 28. Qc5 Ba8 29.
Qc8+ Qg8 30. Qxg8+ Kxg8 31. a6 Kg7 32. a7 Rbb7 33. Rfa1 Rbd7 34. f3 h5 35. Be4 Rd8 36. Ra6 g5 37. Bxa8 Rxa8 38. R6a5 Kg6 39. h3 h4 40.
Ra6+ Kh5 41. R1a5 Rg7 42. Kh2 Rf7 43. Ra4 Re7 44. R4a5 Rf7 45. Kh1 Re7 46. f4 Rg7 47. Rxg5+ 1-0

[Event "*** Titled Tuesday Blitz"]
[Site "Chess.com"]
[Date "2020.04.21"]
[Round "4"]
[White "kakakz"]
[Black "Zq1"]
[Result "0-1"]
[WhiteElo "2375"]
[BlackElo "2569"]
[TimeControl "180+1"]
[EndTime "10:40:46 PDT"]
[Termination "Zq1 won by checkmate"]

1. d4 Nf6 2. c4 a6 3. Nc3 c5 4. Nf3 cxd4 5. Nxd4 d5 6. e3 g6 7. Qb3 dxc4 8. Bxc4 e6 9. O-O Bg7 10. Rd1 Qe7 11. e4 O-O 12. e5 Nfd7 13. f4 b5 14. Be2 Bb7 15. Be3 Rc8 16. Bf3 Bxf3 17.
Nxf3 Nc5 18. Bxc5 Qxc5+ 19. Kh1 Nc6 20. Ne4 Qb4 21. Qxb4 Nxb4 22. Rd7 Rd8 23. Rad1 Nd5 24. Rxd8+ Rxd8 25. Nd6 Nxf4 26. Ng5 f6 27. Ngf7 Rd7 28. Rc1 fxe5 29. Rc8+ Bf8 30. g3 Nd3 31. Kg2 Kg7 32.
Kf3 Bxd6 33. Ng5 Re7 34. Ke4 Nc5+ 35. Ke3 h6 36. Ne4 Nxe4 37. Kxe4 Rc7 38. Re8 Be7 39. Ra8 Rc6 40. b3 Kf6 41. Rh8 h5 42. Rg8 Rd6 43. Ra8 b4 44. Ke3 Rc6 45. Ke4 Bc5 46. Re8 Bd4 47.
Rf8+ Ke7 48. Rg8 Rc3 49. Rxg6 Re3# 0-1

[Event "*** Titled Tuesday Blitz"]
[Site "Chess.com"]
[Date "2020.04.21"]
[Round "4"]
[White "WhiteKnight2612"]
[Black "Riptide27"]
[Result "1/2-1/2"]
[WhiteElo "2645"]
[BlackElo "2484"]
[TimeControl "180+1"]
[EndTime "10:40:47 PDT"]
[Termination "Game drawn by repetition"]

1. Nf3 Nf6 2. g3 d5 3. Bg2 Bg4 4. O-O e6 5. c4 c6 6. cxd5 exd5 7. d4 Bd6 8. Nc3 Nbd7 9. Qc2 O-O 10. h3 Bh5 11. Nh4 Re8 12. Bg5 Bg6 13. Nxg6 hxg6 14. Rfe1 Qb6 15. Rad1 Bb4 16. h4 Ne4 17. Bc1 Qa5 18. Nxe4 dxe4 19. Rf1 Nf6 20. a3 Bd6 21.
Bg5 Qf5 22. b4 Nd5 23. Kh2 Qg4 24. Bh3 Qh5 25. Kg2 f6 26. Bc1 g5 27. hxg5 fxg5 28.
Bf5 Qf7 29. Bxe4 Rxe4 30. Qxe4 Nc3 31. Qd3 Nxd1 32. Rxd1 Re8 33. Bxg5 Qd5+ 34. e4 Qxg5 35. e5 Bc7 36. Rh1 g6 37. b5 Kg7 38. bxc6 bxc6 39. Qc4 Qe7 40. Qxc6 Rd8 41. Rc1 Bb6 42. d5 Qxe5 43. Qb7+ Kf6 44. Rc6+ Rd6 45. Rxd6+ Qxd6 46. a4 Qc5 47. Kh3 Qxf2 48. Qc6+ Kg5 49. Qc4 Qf5+ 50. Kg2 Qf2+ 51. Kh3 Qf5+ 52. Kg2 Kh6 53. d6 Qf2+ 54.
Kh3 Qf5+ 55. Kg2 Qf2+ 56. Kh3 Qf5+ 57. Kg2 1/2-1/2

[Event "*** Titled Tuesday Blitz"]
[Site "Chess.com"]
[Date "2020.04.21"]
[Round "4"]
[White "RD4ever"]
[Black "ChristianAlm"]
[Result "1-0"]
[WhiteElo "2825"]
[BlackElo "2454"]
[TimeControl "180+1"]
[EndTime "10:40:47 PDT"]
[Termination "RD4ever won by resignation"]

1. e4 c5 2. Nf3 d6 3. d4 cxd4 4. Nxd4 Nf6 5. Nc3 g6 6. Bc4 Bg7 7. O-O O-O 8. Re1 Nc6 9. Nb3 Na5 10. Bf1 Be6 11. Nd5 Nxd5 12. exd5 Nxb3 13. axb3 Bf5 14.
Bg5 Re8 15. c3 a6 16. Ra4 h6 17. Be3 Rc8 18. Qd2 Kh7 19. Bxh6 e5 20. Bg5 f6 21. Be3 Bd7 22. Rh4+ Kg8 23. Bh6 f5 24.
Qg5 Qxg5 25. Bxg5 e4 26. f3 exf3 27. Rxe8+ Rxe8 28. gxf3 Re1 29. Bf4 Bf8 30. Rh3 Rb1 31.
Rg3 Kf7 32. Rg2 Be7 33. Rc2 g5 34. Bc1 f4 35. Bd3 Bh3 36. Kf2 Bd7 37. Ke2 Ra1 38.
c4 b5 39. cxb5 axb5 40. Rc7 Ke8 41. Bd2 Kd8 42. Rb7 Kc8 43. Rxd7 Kxd7 44. Bxb5+ Kc7 45.
Be1 Rb1 46. Bc3 Rh1 47. Kd3 Rxh2 48. Ke4 Re2+ 49. Bxe2 1-0

[Event "*** Titled Tuesday Blitz"]
[Site "Chess.com"]
[Date "2020.04.21"]
[Round "4"]
[White "MilanovicDan"]
[Black "Koksik_13"]
[Result "1-0"]
[WhiteElo "2461"]
[BlackElo "2629"]
[TimeControl "180+1"]
[EndTime "10:40:48 PDT"]
[Termination "MilanovicDan won by resignation"]

1. d4 e6 2. c4 d5 3. Nc3 a6 4. e3 Nf6 5. Nf3 dxc4 6. Bxc4 b5 7. Bd3 Bb7 8. O-O Nbd7 9. Qe2 Bd6 10. e4 e5 11. Bg5 h6 12. Bh4 O-O 13. Rad1 Qe7 14.
Rfe1 c5 15. Nd5 Bxd5 16. exd5 cxd4 17. Nxd4 exd4 18. Qxe7 Bxe7 19. Rxe7 g5 20. Bg3 Nc5 21. d6 Rfd8 22. Bf5 Nd5 23. Ree1 Re8 24. Rxe8+ Rxe8 25. h4 d3 26. Bxd3 Nxd3 27. Rxd3 Nf4 28. Bxf4 gxf4 29. d7 Rd8 30. Kh2 Kf8 31. h5 Ke7 32. Kh3 f5 33.
Rd5 Ke6 34. Rd3 Rxd7 35. Rxd7 Kxd7 36. g3 f3 37. g4 Ke6 38. Kh4 Kf6 39. b4 f4 40. g5+ hxg5+ 41. Kg4 Ke5 42. Kxg5 Ke4 43. h6 Kd3 44. h7 Ke2 45. h8=Q Kxf2 46. Kxf4 Ke2 47. Qb2+ Kd3 48. Kxf3 Kc4 49. a3 a5 50. Qc2+ Kd5 51. bxa5 b4 1-0